 Dungeon Crawl Stone Soup version 0.25-a0-860-gf695395b5c (webtiles) character file.

Game seed: 8528945357699700645, levelgen mode: deterministic

5 Maedhros the Charlatan (level 1, -1/13 HPs)
             Began as an Octopode Artificer on Apr 27, 2020.
             Slain by a goblin (4 damage)
             ... on level 1 of the Dungeon.
             The game lasted 00:00:29 (79 turns).

Maedhros the Charlatan (Octopode Artificer)           Turns: 79, Time: 00:00:30

Health: -1/13      AC:  1    Str: 11    XL:     1   Next: 80%
Magic:  3/3        EV: 13    Int: 13    God:
Gold:   0          SH:  0    Dex: 12    Spells: 0/0 levels left

rFire    . . .     SeeInvis .   a - +0 short sword
rCold    . . .     Gourm    .   (no shield)
rNeg     . . .     Faith    .   (helmet restricted)
rPois    .         Spirit   .   (no amulet)
rElec    .         Reflect  .   (no ring)
rCorr    .         Harm     .   (no ring)
MR       .....                  (no ring)
Stlth    +++.......             (no ring)
HPRegen  0.04/turn              (no ring)
MPRegen  0.08/turn              (no ring)
                                (no ring)
                                (no ring)

@: no status effects
A: almost no armour, stealthy swim, amphibious, 8 rings, constrict 8, camouflage
1, gelatinous body 1
a: no special abilities


You were on level 1 of the Dungeon.
You were not hungry.

You visited 1 branch of the dungeon, and saw 1 of its levels.

Inventory:

Hand Weapons
 a - a +0 short sword (weapon)
Wands
 b - a wand of flame (14)
 c - a wand of enslavement (13)
 d - a wand of random effects (15)
Comestibles
 f - 2 rations


   Skills:
 - Level 1.0 Fighting
 - Level 1.0 Short Blades
 - Level 2.0 Dodging
 + Level 1.8 Stealth
 + Level 0.5 Unarmed Combat
 + Level 3.4 Evocations


You couldn't memorise any spells.
You didn't know any spells.
Your spell library was empty.

Dungeon Overview and Level Annotations

Branches:
Dungeon (1/15)

Altars:


Innate Abilities, Weirdness & Mutations

You cannot wear most types of armour.
You are very stealthy in the water. (Stealth+)
You are amphibious.
You can wear up to eight rings at the same time.
You can use your tentacles to constrict eight enemies at once.
Your skin changes colour to match your surroundings (Stealth+).
Your rubbery body absorbs attacks. (AC +1, EV +1)


Message History

Something hits your jackal. Something freezes your jackal.
Your jackal dies!
You swing at nothing.
A goblin comes into view.
You hit the goblin. Your grab misses the goblin.
The goblin is moderately wounded.
The goblin hits you.
* * * LOW HITPOINT WARNING * * *
You closely miss the goblin. You grab the goblin.
The goblin is moderately wounded.
You constrict the goblin. The goblin closely misses you.
Evoke which item? (* to show all) (? for menu, Esc to quit)
Aiming: Throw Flame
Press: ? - help, Shift-Dir - straight line, f - goblin
Aim: a goblin (heavily wounded, constricted by you)
The puff of flame hits the kobold.
You kill the kobold!
You constrict the goblin, but do no damage.
The goblin hits you.
You die...

#... ### #.## ######.#
#h# ......# #.## ##
#....# ##########.#.
...#....####.##.†h......
..........##.....####.#.
......).#.##(##..# #...
......g@..)......# #...
...######..#.#...####...
.........[........
##.#..#.....####...
...................
...?#...............
#..#.≈≈≈≈≈≈≈≈≈≈.≈≈≈≈≈
.... ≈######♣##'##♣##
#<.8#≈♣≈#'#


You could see a goblin.

Vanquished Creatures
  A giant cockroach (D:1)
  A jackal (D:1)
  2 kobolds (D:1)
  A rat (D:1)
5 creatures vanquished.

Vanquished Creatures (collateral kills)
  A jackal (D:1)
1 creature vanquished.

Vanquished Creatures (others)
  A jackal (D:1)
1 creature vanquished.

Grand Total: 7 creatures vanquished

Notes
Turn   | Place    | Note
-------+----------+-------------------------------------------
     0 | D:1      | Maedhros the Octopode Artificer began the quest for the
                  | Orb.
     0 | D:1      | Reached XP level 1. HP: 13/13 MP: 3/3
    79 | D:1      | Slain by a goblin

Levels and vault maps discovered:
D:1:      saegor_arrival_fortress, layout_basic

Action                   || total
-------------------------++-------
Melee: Short sword       ||     8
       Constrict         ||     3
       Tentacles         ||     1
Evoke: Wand              ||     3
Dodge: Dodged            ||     6

Table legend:
 A = Non-vault XP
 B = Vault XP
 C = Vault XP percentage of total XP
 D = Non-vault monster count
 E = Vault monster count
 F = Vault count percentage of total count
                 A         B        C        D         E       F
            +---------+---------+-------+---------+---------+-------
      Total |       8 |       0 |   0.0 |       6 |       0 |   0.0
            +---------+---------+-------+---------+---------+-------
        D:1 |       8 |       0 |   0.0 |       6 |       0 |   0.0
            +---------+---------+-------+---------+---------+-------
